Map: Sequencer LE

Players

CadenceBreak - Winner!

  • Race: Zerg Zerg
  • League: Gold
  • Spawn Location: 7:00

Salvite

  • Race: Protoss Protoss
  • Spawn Location: 1:00

VOD

Have the link to the VOD?

Description

Time

  • Played on: June 2, 2017, 1:14 a.m.
  • Length: 8:16
Show
View Real Time Build Order
Export as new Build Order

CadenceBreak Zerg - Winner!

Build Orders: Hatch First 

Get SALT Encoding   

  12  0:01  Drone  
  13  0:14  Drone  
  14  0:19  Overlord  
  14  0:25  Extractor  
  14  0:26  Drone  
  15  0:37  Drone x2  
  17  0:58  Hatchery  
  17  1:01  Drone  
  17  1:02  Drone  
  18  1:16  Spawning Pool  
  18  1:17  Extractor  
  16  1:24  Drone x2  
  18  1:29  Drone  
  19  1:45  Overlord  
  19  2:07  Queen  
  21  2:13  Queen  
  23  2:15  Zergling x2  
  23  2:16  Zergling x4  
  23  2:17  Zergling x2  
  23  2:21  Metabolic Boost  
  27  2:23  Drone  
  28  2:40  Drone  
  29  2:52  Drone  
  29  2:53  Drone x3  
  29  2:54  Overlord  
  33  2:59  Evolution Chamber  
  33  3:01  Roach Warren  
  31  3:06  Lair  
  31  3:11  Overlord  
  31  3:18  Overlord  
  30  3:44  Roach x5  
  40  3:50  Zergling x2  
  40  3:51  Zergling x6  
  40  3:55  Extractor  
  43  4:04  Drone x3  
  46  4:19  Glial Reconstitution  
  46  4:23  Drone  
  46  4:24  Drone x3  
  50  4:27  Drone  
  51  4:45  Drone  
  52  4:46  Drone x5  
  52  4:50  Overlord  
  52  5:28  Drone x7  
  52  5:29  Drone x2  
  59  5:48  Drone x4  
  55  5:50  Drone  
  55  5:56  Extractor  
  55  5:59  Extractor  
  55  6:03  Hydralisk Den  
  53  6:07  Spore Crawler  
  52  6:14  Zerg Missile Weapons Level 1  
  50  6:21  Spore Crawler  
  49  6:29  Roach x8  
  49  6:30  Roach  
  67  6:47  Hatchery  
  67  6:52  Evolution Chamber  
  65  7:05  Spine Crawler  
  65  7:08  Spine Crawler  
  63  7:10  Hydralisk  
  63  7:11  Hydralisk  
  63  7:14  Overlord  
  63  7:15  Overlord x5  
  67  7:37  Zergling x4  
  67  7:38  Zergling x16  
  67  7:43  Baneling Nest  
  76  7:45  Drone  
  77  7:51  Overseer  
  77  7:52  Overseer  
Show
View Real Time Build Order
Export as new Build Order

Salvite Protoss 

Build Orders:  

Get SALT Encoding   

  12  0:01  Probe (Chrono Boost)  
  13  0:18  Pylon  
  13  0:22  Probe (Chrono Boost)  
  14  0:32  Probe (Chrono Boost)  
  15  0:42  Gateway  
  15  0:43  Probe (Chrono Boost)  
  15  0:49  Pylon  
  16  0:56  Probe (Chrono Boost)  
  17  1:05  Assimilator  
  17  1:15  Probe (Chrono Boost)  
  18  1:34  Probe (Chrono Boost)  
  18  1:35  Zealot  
  21  1:48  Cybernetics Core  
  21  1:56  Probe (Chrono Boost)  
  22  2:10  Nexus  
  22  2:12  Zealot  
  24  2:23  Warp Gate  
  24  2:33  Probe (Chrono Boost)  
  24  2:50  Mothership Core (Chrono Boost)  
  26  2:53  Assimilator  
  26  3:08  Adept  
  29  3:13  Probe (Chrono Boost)  
  29  3:25  Probe (Chrono Boost)  
  30  4:01  Probe (Chrono Boost)  
  31  4:13  Probe (Chrono Boost)  
  32  4:24  Pylon  
  32  4:28  Pylon x2  
  32  4:34  Gateway  
  32  4:35  Gateway  
  32  4:37  Gateway  
  32  4:40  Gateway  
  32  4:45  Robotics Facility  
  32  4:51  Gateway  
  32  4:57  Gateway  
  32  5:11  Stalker  
  24  5:37  Stalker  
  20  5:51  Warp Prism  
  9  6:04  Probe (Chrono Boost)  
  6  6:16  Probe (Chrono Boost)  
  6  6:28  Probe (Chrono Boost)  
  8  6:40  Probe (Chrono Boost)  
  8  6:52  Probe (Chrono Boost)  
  9  7:02  Nexus  
  9  7:04  Probe (Chrono Boost)  
  10  7:14  Probe (Chrono Boost)  
  11  7:25  Probe (Chrono Boost)  
  12  7:32  Stalker x2  
  12  7:33  Stalker  
  16  7:54  Adept  
  16  7:58  Adept  
Tags
 
League
Gold
Matchup
PvZ
Spawn Locations
Cross Positions
Add a new tag
Caveats
  • Supply blocks, unpowered buildings, or Contaminate may cause inaccurate times.
  • Supply counts are checked every 10 seconds.